 Dungeon Crawl Stone Soup version 0.18-a0-1721-gc4d1f22 (webtiles) character file.

6122 SilenceOfTheYaks the Grappler (level 10, -4/93 HPs)
             Began as a Green Draconian Chaos Knight on Apr 10, 2016.
             Shot with an arrow of frost by a minotaur (11 damage)
             ... in a labyrinth.
             The game lasted 00:37:01 (10117 turns).

SilenceOfTheYaks the Grappler (DrCK)               Turns: 10117, Time: 00:37:02

Health: -4/93      AC: 12    Str: 15    XL:     10   Next: 59%
Magic:  15/15      EV: 17    Int: 16    God:    Xom [.*....]
Gold:   565        SH:  0    Dex: 15    Spells: 1 memorised, 15 levels left

rFire  + . .     SeeInvis .       - Unarmed
rCold  . . .     Gourm    .     (armour unavailable)
rNeg   . . .     Faith    .     (no shield)
rPois  +         Spirit   .     (helmet restricted)
rElec  .         Dismiss  .     r - +2 cloak {MR+}
rCorr  .         Reflect  .     k - +1 pair of gloves
SustAt .         Harm     .     (no boots)
MR     ++...                    l - amulet of magic regeneration
Stlth  ++........               (no ring)
                                F - ring of poison resistance

@: agile, short of breath, very resistant to hostile enchantments, unstealthy
A: breathe noxious fumes, unfitting armour, antennae 2, fire resistance 1, magic
resistance 1, poison resistance, wild magic 1, cold-blooded, AC +7
a: Breathe Noxious Fumes, Renounce Religion


You were in a labyrinth.
You worshipped Xom.
You were a plaything of Xom.
You were very hungry.

You visited 1 branch of the dungeon, and saw 12 of its levels.
You also visited: Labyrinth and Ossuary.

You collected 565 gold pieces.

Inventory:

Hand Weapons
 o - a +1 blowgun
Missiles
 p - 2 curare-tipped needles
Armour
 k - a +1 pair of gloves (worn)
 n - a +1 shield
 r - a +2 cloak of magic resistance (worn)
Jewellery
 c - an uncursed amulet of inaccuracy
 l - an amulet of magic regeneration (around neck)
 F - a ring of poison resistance (left hand)
Wands
 m - a wand of lightning (9/15)
 t - a wand of teleportation (8/9)
 w - a wand of paralysis (13/24)
 y - a wand of paralysis (15/24)
 E - a wand of flame (21/48)
 G - a wand of random effects (30/48)
Scrolls
 d - 6 scrolls of remove curse
 f - 10 scrolls of identify
 g - 3 scrolls of fog
 i - a scroll of noise
 q - 4 scrolls of enchant armour
 u - 2 scrolls of teleportation
 H - a scroll of immolation
Potions
 e - 2 potions of curing
 x - a potion of brilliance
 z - 3 potions of beneficial mutation
 A - 2 potions of berserk rage
 B - 2 potions of magic
Miscellaneous
 s - a phantom mirror
Comestibles
 b - 4 meat rations
 h - 4 beef jerkies
 j - 27 fruits
 C - a slice of pizza


   Skills:
 + Level 10.0 Fighting
 - Level 2.1 Dodging
 + Level 12.8 Unarmed Combat
 + Level 3.8 Spellcasting


You had 15 spell levels left.
You knew the following spells:

 Your Spells              Type           Power        Failure   Level  Hunger
a - Summon Butterflies    Summ           #.......     28%         1    None


Dungeon Overview and Level Annotations

Branches:
Dungeon (12/15)            Temple (0/1) D:5
   Lair: D:8-11         Orc: D:9-12

Altars:
Ashenzari
Elyvilon
Fedhas
Gozag
Makhleb
Okawaru
Qazlal
Ru
Sif Muna
Trog
Vehumet
Xom


Innate Abilities, Weirdness & Mutations

You can breathe blasts of noxious fumes.
Your lurid green scales are hard (AC +7).
Your body does not fit into most forms of armour.
Your system is resistant to poisons.
You are cold-blooded and may be slowed by cold attacks.
You have a pair of antennae on your head.
Your flesh is heat resistant.
You are resistant to hostile enchantments.
Your spells are a little harder to cast, but a little more powerful.


Message History

The minotaur gores you but does no damage.
You barely miss the minotaur.
The minotaur is severely wounded.
You hit the minotaur.
The minotaur is severely wounded.
The minotaur hits you with an uncursed eveningstar of chaos!!
* * * LOW HITPOINT WARNING * * *
x2 The minotaur completely misses you.
Read which item? (? for menu, Esc to quit)
Okay, then.
Unknown command.
Drink which item? (? for menu, Esc to quit)
Okay, then.
Unknown command.
The minotaur unwields an uncursed eveningstar of chaos.
The minotaur wields an uncursed encrusted shortbow {venom}.
It begins to drip with poison!
The minotaur shoots an arrow of frost.
The arrow of frost hits you!
You die...
Xom laughs nastily!

# # . . # # ..
######### # # # #
#.#...#.# #. .
#.###.###@#.#.###.##
.
#........(.(.......
..######H#########..
#. # ≈. .(#8.8[ : .
.≈.§.##.('§H§ .. ..
# §≈. #..#8.8[8[ #.
#..# ## .# #.... .
#.#. . # ##


You could see a minotaur.

Vanquished Creatures
  Erolcha (D:8)
  A manticore (D:11)
  A troll (D:9)
  A two-headed ogre (D:10)
  3 wraiths (D:11)
  A hippogriff (D:9)
  6 hungry ghosts (Lab)
  2 vampire mosquitoes (D:10)
  Menkaure (D:7)
  Edmund (D:6)
  Duvessa (D:5)
  A sky beast (D:7)
  An orc warrior (D:6)
  A phantom (D:7)
  4 ogres
  An elf zombie (Ossuary)
  4 giant frogs
  Dowan (D:5)
  8 wights
  4 crimson imps
  3 centaur zombies (Ossuary)
  2 giant frog zombies (D:5)
  A quasit (D:3)
  A jelly (D:9)
  An orc priest (D:8)
  Crazy Yiuf (D:5)
  3 hounds
  2 human zombies (Ossuary)
  2 orc wizards (D:8)
  A centaur skeleton (D:9)
  2 giant frog skeletons
  3 iguanas
  6 worker ants
  A killer bee zombie (D:8)
  2 ogre zombies (Ossuary)
  A big kobold zombie (Ossuary)
  2 hound zombies
  7 mummies (Ossuary)
  A worker ant zombie (D:9)
  16 adders
  3 howler monkey skeletons
  2 shadow imps
  An adder skeleton (D:4)
  3 adder zombies
  4 worms
  5 dart slugs
  5 giant geckos
  12 orcs
  2 ball pythons
  10 bats
  12 giant cockroaches
  11 goblins
  9 hobgoblins
  13 jackals
  4 quokkas
  9 giant newts
  2 goblin zombies (Ossuary)
  3 hobgoblin zombies (Ossuary)
  13 kobolds
  3 kobold zombies (Ossuary)
  An orc zombie (Ossuary)
  A quokka skeleton (D:5)
  4 quokka zombies (Ossuary)
  4 rats
  6 rat zombies (Ossuary)
244 creatures vanquished.

Notes
Turn   | Place    | Note
--------------------------------------------------------------
     0 | D:1      | SilenceOfTheYaks the Draconian Chaos Knight began the quest for the Orb.
     0 | D:1      | Reached XP level 1. HP: 19/19 MP: 1/1
   112 | D:1      | XOM: silly message
   162 | D:1      | XOM: harmless Ice miscast
   183 | D:1      | Reached XP level 2. HP: 10/26 MP: 2/2
   310 | D:1      | XOM: harmless Divn miscast
   515 | D:1      | Reached skill level 4 in Unarmed Combat
   655 | D:1      | Reached XP level 3. HP: 27/31 MP: 3/3
   765 | D:1      | XOM: harmless Erth miscast
  1217 | D:2      | XOM: divination: detect creatures
  1405 | D:2      | Reached XP level 4. HP: 32/38 MP: 4/4
  1540 | D:2      | Reached skill level 5 in Unarmed Combat
  1565 | D:2      | XOM: divination: magic mapping
  1725 | D:2      | XOM: noise
  1736 | D:2      | XOM: fog
  1740 | D:2      | XOM: enchant monster (good)
  1907 | D:2      | XOM: god gift: shield {god gift}
  2533 | D:3      | Reached XP level 5. HP: 28/45 MP: 5/5
  2598 | D:3      | XOM: god gift: 28 stones
  2605 | D:3      | XOM is BORED!
  2605 | D:3      | XOM: summons 2 hostile demons
  2614 | D:3      | Gained mutation: You are agile. (Dex +2) [potion of beneficial mutation]
  2842 | D:3      | XOM: god gift: phantom mirror
  2998 | D:3      | Reached skill level 6 in Unarmed Combat
  3071 | D:3      | XOM: harmless Summ miscast
  3072 | D:3      | XOM: enchant monster (good)
  3247 | D:4      | Lost mutation: You are agile. (Dex +2) [potion of cure mutation]
  3350 | D:4      | Reached XP level 6. HP: 30/51 MP: 6/6
  3421 | D:4      | XOM: god gift: potion of curing
  3482 | D:4      | Reached skill level 7 in Unarmed Combat
  3764 | D:4      | XOM: mild Summ miscast
  3819 | D:4      | XOM: divination: detect creatures
  3903 | D:4      | XOM: potion effect (might)
  3948 | D:4      | XOM: harmless Necr miscast
  4040 | D:4      | XOM: colour smoke trail
  4111 | D:5      | Entered Level 5 of the Dungeon
  4185 | D:5      | XOM: scenery: create altars
  4230 | D:5      | XOM: noise
  4235 | D:5      | Reached skill level 8 in Unarmed Combat
  4304 | D:5      | Your scales start taking on a lurid green colour.
  4304 | D:5      | Reached XP level 7. HP: 57/57 MP: 7/7
  4304 | D:5      | Gained mutation: Your system is resistant to poisons. [Green Draconian growth]
  4322 | D:5      | Found a staircase to the Ecumenical Temple.
  4356 | D:5      | Found a shattered altar of Ashenzari.
  4359 | D:5      | Found a burning altar of Makhleb.
  4360 | D:5      | Found a deep blue altar of Sif Muna.
  4406 | D:5      | Noticed Dowan
  4407 | D:5      | Noticed Duvessa
  4423 | D:5      | Killed Dowan
  4450 | D:5      | Killed Duvessa
  4494 | D:5      | Reached skill level 9 in Unarmed Combat
  4590 | D:5      | Noticed Crazy Yiuf
  4619 | D:5      | XOM: enchant monster (good)
  4658 | D:5      | Killed Crazy Yiuf
  4667 | D:5      | XOM: 2-stop teleportation journey
  5159 | D:5      | XOM: harmless Summ miscast
  5265 | D:6      | XOM: cast spell 'Death Channel'
  5289 | D:6      | Found a sand-covered staircase.
  5296 | Ossuary  | Entered an ossuary
  5310 | Ossuary  | XOM: scenery: 1 doors open
  5313 | Ossuary  | Reached XP level 8. HP: 61/63 MP: 8/8
  5341 | Ossuary  | XOM: enchant monster (good)
  5431 | Ossuary  | Reached skill level 10 in Unarmed Combat
  5499 | Ossuary  | XOM: give mutation
  5499 | Ossuary  | Gained mutation: You have a pair of small antennae on your head. [Xom's grace]
  6053 | Ossuary  | XOM: god gift: scythe {god gift}
  6215 | D:6      | Found a blossoming altar of Fedhas.
  6221 | D:6      | XOM: give mutations
  6221 | D:6      | Gained mutation: You have a pair of antennae on your head. [Xom's grace]
  6221 | D:6      | Gained mutation: Your flesh is heat resistant. [Xom's grace]
  6221 | D:6      | Gained mutation: Your spells are a little harder to cast, but a little more powerful. [Xom's grace]
  6221 | D:6      | Gained mutation: You are resistant to hostile enchantments. [Xom's grace]
  6248 | D:6      | Noticed Edmund
  6253 | D:6      | XOM: 8-stop teleportation journey
  6293 | D:6      | XOM: confuse monster(s)
  6294 | D:6      | XOM: smoke on damage
  6297 | D:6      | Reached skill level 5 in Fighting
  6560 | D:6      | Found a stormy altar of Qazlal.
  6561 | D:6      | Noticed an air elemental
  6648 | D:6      | XOM: enchant monster (good)
  6653 | D:6      | Killed Edmund
  6679 | D:6      | Found an opulent altar of Gozag.
  6825 | D:6      | Found an iron altar of Okawaru.
  6967 | D:7      | Noticed Menkaure
  6968 | D:7      | XOM: 2-stop teleportation journey
  6979 | D:7      | Killed Menkaure
  6979 | D:7      | Reached skill level 11 in Unarmed Combat
  6979 | D:7      | Reached XP level 9. HP: 40/77 MP: 9/9
  7158 | D:7      | XOM: divination: detect creatures
  7288 | D:7      | Found a radiant altar of Vehumet.
  7469 | D:7      | XOM: enchant monster (good)
  7791 | D:8      | XOM: 4-stop teleportation journey
  7792 | D:8      | Noticed Erolcha
  7810 | D:8      | Killed Erolcha
  7906 | D:8      | XOM: colour smoke trail
  7962 | D:8      | Found a bloodstained altar of Trog.
  8170 | D:9      | Reached skill level 12 in Unarmed Combat
  8219 | D:9      | XOM: mild Divn miscast
  8309 | D:8      | Learned a level 1 spell: Summon Butterflies
  8389 | D:9      | Noticed a troll
  8400 | D:9      | Killed a troll
  8400 | D:9      | Reached skill level 1 in Spellcasting
  8573 | D:9      | Found a white marble altar of Elyvilon.
  8712 | D:9      | Found a sacrificial altar of Ru.
  8757 | D:9      | Reached XP level 10. HP: 78/90 MP: 12/12
  8772 | D:9      | Found a blossoming altar of Fedhas.
  8934 | D:9      | XOM: 1-stop teleportation journey
  9003 | D:10     | Entered Level 10 of the Dungeon
  9019 | D:10     | XOM: fog
  9303 | D:10     | You fall through a shaft for 2 floors!
  9303 | D:12     | Noticed a manticore
  9323 | D:11     | Noticed a hornet
  9323 | D:11     | a yak changed into a hornet
  9323 | D:11     | XOM: polymorph yak -> hornet
  9327 | D:11     | XOM: medium Hex miscast
  9388 | D:11     | XOM: harmless Erth miscast
  9418 | D:11     | Noticed Josephine
  9428 | D:11     | Noticed a manticore
  9449 | D:11     | Killed a manticore
  9465 | D:11     | Found a labyrinth entrance.
  9466 | D:11     | Noticed a seven-headed hydra
  9476 | Lab      | Entered a labyrinth
  9481 | Lab      | XOM: 2-stop teleportation journey
  9966 | Lab      | XOM: confuse monster(s)
 10008 | Lab      | XOM: cast spell 'Chain of Chaos'
 10058 | Lab      | XOM: confusion (+ monsters)
 10061 | Lab      | XOM: confuse monster(s)
 10078 | Lab      | XOM: confusion (+ monsters)
 10093 | Lab      | Reached skill level 10 in Fighting
 10098 | Lab      | Noticed a minotaur
 10114 | Lab      | XOM: chaos upgrade
 10117 | Lab      | Shot with an arrow of frost by a minotaur

Vault maps used:
D:1:      sevenhm_arrival_forest_fort_small_3
D:3:      minmay_goblin_outpost
D:5:      overflow_temple_1_default, grunt_temple_overflow_open,
          minmay_temple_entry_from_below_a, first_bread, serial_corexii_hall,
          corexii_hall_statues_l, corexii_hall_statues_i,
          corexii_hall_statues_l, corexii_hall_statues_i,
          uniq_crazy_yiuf_cottage, uniq_duvessa
D:6:      old_standard_altar, okawaru_gym_becter, lemuel_crystal_altar,
          nicolae_qazlal_style_of_elements, enter_ossuary_1, uniq_edmund
D:7:      vehumet_altar_wand_db, roderic_roman_lattice, grunt_ministairs_7,
          uniq_menkaure
D:8:      kennysheep_little_box, uniq_erolcha
D:9:      kennysheep_mini_moat, hangedman_tree_tricks, corexii_checkpoint_a,
          nicolae_ru_the_path_less_chosen
D:10:     david_lair_generic, enter_trove_5
D:11:     lemuel_upstairs_altar, lab_entry_generic, uniq_josephine
D:12:     orc_0_dummy, roderic_cross_of_infinity, yredelemnul_altar_generic
Lab:      nicolae_lab_dead_adventurers, nicolae_lab_swirl,
          nicolae_lab_flowing_pool, labyrinth_skeletal_remains,
          nicolae_lab_blocks, nicolae_lab_do_over, nicolae_lab_big_swirl,
          lab_block, nicolae_lab_plus, nicolae_lab_starburst
Ossuary:  ossuary_boxes_badplayer

Skill      XL: |  1  2  3  4  5  6  7  8  9 10 |
---------------+-------------------------------+-----
Unarmed Combat | 4 5 6 8 9 11 12 | 12.8
Fighting       | 6 8 10 | 10.0
Spellcasting   | 1 3 |  3.8
Dodging        | |  2.1

Action                   |  1- 3 |  4- 6 |  7- 9 | 10-12 || total
-------------------------+-------+-------+-------+-------++-------
Melee: Unarmed           |   130 |   345 |   522 |   144 ||  1141
 Fire: Blowgun           |       |     1 |       |     1 ||     2
 Cast: Summon Butterflie |       |       |     1 |       ||     1
 Abil: Breathe Noxious F |       |       |     8 |     5 ||    13
Evoke: Phantom mirror    |       |       |       |     1 ||     1
  Use: Scroll            |     1 |     5 |     7 |     1 ||    14
       Potion            |       |     5 |     5 |     9 ||    19
 Stab: Sleeping          |       |     2 |     1 |       ||     3
       Paralysed         |       |     1 |     5 |       ||     6
       Confused          |       |       |     3 |     1 ||     4
       Petrifying        |       |       |     1 |       ||     1
       Petrified         |       |       |     1 |       ||     1
  Eat: Chunk             |     2 |     8 |     9 |     3 ||    22
       Bread ration      |       |       |     2 |     5 ||     7
       Meat ration       |       |       |       |     1 ||     1
       Fruit             |       |       |       |     1 ||     1
